 Dungeon Crawl Stone Soup version 0.30-a0-1176-gcdfb0321a8 (webtiles) character file.

Game seed: 14114985885074677862

2068754 twifor the Conqueror (level 27, 224/224 HPs)
             Began as a Formicid Hunter on Apr 30, 2023.
             Was a High Priest of Hepliaklqana.
             Escaped with the Orb
             ... and 3 runes!
             The game lasted 05:10:25 (45675 turns).

twifor the Conqueror (Formicid Hunter)             Turns: 45675, Time: 05:10:25

Health: 224/224    AC: 22    Str: 19    XL:     27
Magic:  30/30      EV: 33    Int: 12    God:    Hepliaklqana [*****.]
Gold:   6221       SH: 21    Dex: 27    Spells: 26/26 levels left

rFire   + + +        a - +27 heavy crossbow "Sniper" {heavy, Acc+∞ SInv}
rCold   + + .        c - +2 shield of Resistance {rF++ rC++ Will++}
rNeg    + . .        G - +1 faerie dragon scales {Regen+ rCorr Str+4}
rPois   +            (helmet unavailable)
rElec   +            f - +2 cloak {rPois}
rCorr   +            g - +2 pair of gloves
SInv    +            J - +2 pair of slick slippers {slick, slippery, EV+4}
Will    +++++        O - amulet of Paranoia {Drain rElec rC+ Regen+}
Stlth   +            C - ring of fire
HPRegen 2.17/turn    l - ring of Scepticism {rN+ Will+ Slay+2}
MPRegen 0.22/turn

%: clarity
@: studying Hexes
A: reduced essence, permanent stasis, dig shafts and tunnels, antennae 3, four
strong arms, clarity, deterioration 1, weak 1
0: Orb of Zot
}: 3/15 runes: decaying, silver, gossamer
a: Dig, Shaft Self, Renounce Religion, Recall Ancestor, Ancestor Identity,
Transference, Idealise


You escaped.
You worshipped Hepliaklqana.
Hepliaklqana was extremely pleased with you.
You visited 10 branches of the dungeon, and saw 48 of its levels.
You visited 1 bazaar.
You also visited: Trove and Gauntlet.

You collected 8381 gold pieces.
You spent 2160 gold pieces at shops.

Inventory:

Hand Weapons
 a - the +27 heavy crossbow "Sniper" (weapon) {heavy, Acc+∞ SInv}
   (You acquired it on level 1 of the Elven Halls)

   Acc+∞: It never misses its target.
   SInv:      It lets you see invisible.
Missiles
 U - a throwing net
Armour
 c - the +2 shield of Resistance (worn) {rF++ rC++ Will++}
   (You found it in a Gauntlet)

   rF:        It greatly protects you from fire.
   rC:        It greatly protects you from cold.
   Will:      It greatly increases your willpower.
 d - the +6 scale mail of Zabus {rC+ Regen+ Int+2 Dex+4}
   (You found it on level 9 of the Dungeon)

   Int:       It affects your intelligence (+2).
   Dex:       It affects your dexterity (+4).
   rC:        It protects you from cold.
   Regen:     It increases your rate of health regeneration.
 f - a +2 cloak of poison resistance (worn)
 g - a +2 pair of gloves (worn)
 h - the +2 pair of boots of Entitlement {rElec Will+ Str+5 SInv}
   (You found it in a Gauntlet)

   Str:       It affects your strength (+5).
   rElec:     It insulates you from electricity.
   SInv:      It lets you see invisible.
   Will:      It increases your willpower.
 G - the +1 faerie dragon scales (worn) {Regen+ rCorr Str+4}
   (You took it off the Enchantress on level 1 of the Depths)

   Str:       It affects your strength (+4).
   Regen:     It increases your rate of health regeneration.
   rCorr:     It protects you from acid and corrosion.
 I - the +1 cloak of Ofucwau {rElec rC- Dex+4}
   (You found it on level 11 of the Dungeon)

   Dex:       It affects your dexterity (+4).
   rC:        It makes you vulnerable to cold.
   rElec:     It insulates you from electricity.
 J - the +2 pair of slick slippers (worn) {slick, slippery, EV+4}
   (You found it in a treasure trove)

   Slick:     Its wearer cannot be constricted, engulfed, netted or webbed.
   Slippery:  Its wearer slips away from damaging melee attacks, pulling the
   attacker onward.
   EV:        It affects your evasion (+4).
 S - the +1 ring mail of the Vaults {rElec rC+ Str+2 Dex-5}
   (You found it in a treasure trove)

   Str:       It affects your strength (+2).
   Dex:       It affects your dexterity (-5).
   rC:        It protects you from cold.
   rElec:     It insulates you from electricity.
 V - the +4 dragonskin cloak
   (You took it off Tiamat on level 1 of the Realm of Zot)

   Avatar's Aegis: It grants the wearer a chance to resist fire, cold, poison,
   electricity, acid, and negative energy.
Jewellery
 i - an amulet of reflection
 j - a ring of flight
 k - a +4 ring of slaying
 l - the ring of Scepticism (right hand) {rN+ Will+ Slay+2}
   (You bought it in a shop on level 2 of the Orcish Mines)

   [ring of willpower]

   Slay:      It affects your accuracy & damage with ranged weapons and melee
   (+2).
   rN:        It protects you from negative energy.
   Will:      It increases your willpower.
 n - a ring of the Octopus King {rC+ HP+2 AC+2 EV+2 SH+2}
   (You found it on level 3 of the Depths)

   [ring of protection from cold]

   AC:        It affects your AC (+2).
   EV:        It affects your evasion (+2).
   rC:        It protects you from cold.
   HP:        It affects your health (+2).
   SH:        It affects your SH (+2).
 q - the ring "Taicauc Uko" {+Blink Fly}
   (You found it on level 1 of the Depths)

   [ring of flight]

   Fly:       It grants you flight.
   +Blink:    It lets you blink.
 u - a ring of poison resistance
 v - a ring of resist corrosion
 z - a ring of ice
 C - a ring of fire (left hand)
 K - an amulet of guardian spirit
 L - the ring "Jaqauq" {*Corrode rElec Will+ MP+9 Stlth+}
   (You took it off a vault sentinel on level 5 of the Vaults)

   [ring of willpower]

   rElec:     It insulates you from electricity.
   MP:        It affects your magic capacity (+9).
   *Corrode:  It may corrode you when you take damage.
   Will:      It increases your willpower.
   Stlth:     It makes you more stealthy.
 O - the amulet of Paranoia (around neck) {Drain rElec rC+ Regen+}
   (You bought it in a shop in a bazaar)

   [amulet of regeneration]

   rC:        It protects you from cold.
   rElec:     It insulates you from electricity.
   Regen:     It increases your rate of health regeneration.
   Drain:     It drains your maximum health when unequipped.
 P - the ring "Haiseoge" {Will+ EV+5 Int+6 Dex+3}
   (You bought it in a shop in a bazaar)

   [ring of evasion]

   EV:        It affects your evasion (+5).
   Int:       It affects your intelligence (+6).
   Dex:       It affects your dexterity (+3).
   Will:      It increases your willpower.
 Q - the amulet "Kogg" {Faith Rampage rF++ Will+ Dex-4}
   (You took it off a deep elf death mage on level 3 of the Elven Halls)

   [amulet of faith]

   It allows you to gain divine favour quickly.
   Dex:       It affects your dexterity (-4).
   rF:        It greatly protects you from fire.
   Rampage:   It bestows one free step when moving towards enemies.
   Will:      It increases your willpower.
 R - the amulet "Linkaohi" {Acrobat rCorr Dex+3}
   (You took it off a deep elf death mage on level 3 of the Elven Halls)

   [amulet of the acrobat]

   It increases your evasion while moving and waiting.
   Dex:       It affects your dexterity (+3).
   rCorr:     It protects you from acid and corrosion.
 T - the amulet of Lies {RegenMP -Tele Str+3 Dex+3 Stlth+}
   (You found it in a treasure trove)

   [amulet of magic regeneration]

   It increases your rate of magic regeneration.
   Str:       It affects your strength (+3).
   Dex:       It affects your dexterity (+3).
   -Tele:     It prevents most forms of teleportation.
   Stlth:     It makes you more stealthy.
Wands
 D - a wand of digging (47)
 E - a wand of quicksilver (42)
Scrolls
 y - 8 scrolls of fear
 B - 3 scrolls of silence
 H - 2 scrolls of magic mapping
 M - 7 scrolls of fog
Potions
 b - 2 potions of resistance
 e - 9 potions of lignification
 m - 7 potions of might
 o - 7 potions of magic
 p - 21 potions of curing
 r - 9 potions of brilliance
 s - 3 potions of mutation
 t - 12 potions of ambrosia
 w - 4 potions of invisibility
 x - 4 potions of cancellation
 A - 2 potions of heal wounds
Miscellaneous
 F - a phial of floods
 N - a phantom mirror
 W - a condenser vane


   Skills:
 O Level 27 Fighting
 - Level 24.0 Ranged Weapons
 + Level 20.2 Armour
 - Level 18.0 Dodging
 - Level 5.0 Stealth
 - Level 23.0 Shields
 - Level 10.0 Invocations
 - Level 8.0 Evocations


You had 26 spell levels left.
You didn't know any spells.
Your spell library contained the following spells:

 Spells                   Type           Power      Damage    Failure   Level
 Apportation              Tloc           0%         N/A       41%         1
 Beastly Appendage        Tmut           0%         N/A       41%         1
 Foxfire                  Conj/Fire      0%         2x1d4     41%         1
 Necrotise                Necr           0%         1d4       41%         1
 Sting                    Tmut/Pois      0%         1d3       41%         1
 Summon Small Mammal      Summ           0%         N/A       41%         1
 Ensorcelled Hibernation  Hex/Ice        0%         N/A       56%         2
 Lesser Beckoning         Tloc           0%         N/A       56%         2
 Momentum Strike          Conj/Tloc      0%         3d8       56%         2
 Poisonous Vapours        Pois/Air       0%         N/A       56%         2
 Scorch                   Fire           0%         2d5       56%         2
 Static Discharge         Conj/Air       0%         2-2/arc   56%         2
 Wereblood                Tmut           0%         N/A       56%         2
 Call Canine Familiar     Summ           0%         N/A       80%         3
 Dazzling Flash           Conj/Hex       0%         N/A       80%         3
 Gell's Gravitas          Tloc           0%         N/A       80%         3
 Hailstorm                Conj/Ice       0%         3d3       80%         3
 Inner Flame              Hex/Fire       0%         N/A       80%         3
 Ozocubu's Armour         Ice            0%         N/A       80%         3
 Portal Projectile        Hex/Tloc       0%         N/A       80%         3
 Spider Form              Tmut/Pois      0%         N/A       80%         3
 Summon Guardian Golem    Hex/Summ       0%         N/A       80%         3
 Teleport Other           Tloc           0%         N/A       80%         3
 Tukima's Dance           Hex            0%         N/A       80%         3
 Volatile Blastmotes      Fire/Tloc      0%         2d10      80%         3
 Anguish                  Hex/Necr       0%         N/A       99%         4
 Animate Armour           Summ/Erth      0%         N/A       99%         4
 Animate Dead             Necr           0%         N/A       99%         4
 Cause Fear               Hex            0%         N/A       99%         4
 Flame Wave               Conj/Fire      0%         2d4       99%         4
 Iskenderun's Mystic Bla  Conj/Tloc      0%         2d3       99%         4
 Leda's Liquefaction      Hex/Erth       0%         N/A       99%         4
 Manifold Assault         Tloc           0%         N/A       99%         4
 Olgreb's Toxic Radiance  Pois           0%         N/A       99%         4
 Passage of Golubria      Tloc           0%         N/A       99%         4
 Summon Ice Beast         Ice/Summ       0%         N/A       99%         4
 Summon Lightning Spire   Summ/Air       0%         N/A       99%         4
 Arcjolt                  Conj/Air       0%         1d10      100%        5
 Blade Hands              Tmut           0%         N/A       100%        5
 Borgnjor's Vile Clutch   Necr/Erth      0%         N/A       100%        5
 Fireball                 Conj/Fire      0%         3d3       100%        5
 Irradiate                Conj/Tmut      0%         3d11      100%        5
 Lee's Rapid Deconstruct  Erth           0%         3d4*      100%        5
 Metabolic Englaciation   Hex/Ice        0%         N/A       100%        5
 Silence                  Hex/Air        0%         N/A       100%        5
 Summon Mana Viper        Hex/Summ       0%         N/A       100%        5
 Yara's Violent Unravell  Hex/Tmut       0%         3d3       100%        5
 Conjure Ball Lightning   Conj/Air       0%         3x3d6     100%        6
 Death Channel            Necr           0%         N/A       100%        6
 Eringya's Noxious Bog    Tmut/Pois      0%         N/A       100%        6
 Iron Shot                Conj/Erth      0%         9d1       100%        6
 Plasma Beam              Fire/Air       0%         2x1d11    100%        6
 Simulacrum               Ice/Necr       0%         N/A       100%        6
 Starburst                Conj/Fire      0%         6d3       100%        6
 Statue Form              Tmut/Erth      0%         N/A       100%        6
 Summon Cactus Giant      Summ           0%         N/A       100%        6
 Dragon Form              Tmut           0%         N/A       100%        7
 Enfeeble                 Hex            0%         N/A       100%        7
 Haunt                    Necr/Summ      0%         N/A       100%        7
 Malign Gateway           Summ/Tloc      0%         N/A       100%        7
 Monstrous Menagerie      Summ           0%         N/A       100%        7
 Orb of Destruction       Conj           0%         9d5       100%        7
 Spellforged Servitor     Conj/Summ      0%         N/A       100%        7
 Storm Form               Tmut/Air       0%         N/A       100%        7
 Discord                  Hex            0%         N/A       100%        8
 Disjunction              Tloc           0%         N/A       100%        8
 Ignition                 Fire           0%         3d3       100%        8
 Lehudib's Crystal Spear  Conj/Erth      0%         10d2      100%        8
 Maxwell's Capacitive Co  Air            0%         ∞         100%        8
 Summon Horrible Things   Summ           0%         N/A       100%        8
 Death's Door             Necr           0%         N/A       100%        9
 Blink                    Tloc           Unusable   N/A       N/A         2
 Vhi's Electric Charge    Tloc/Air       Unusable   N/A       N/A         3

Dungeon Overview and Level Annotations

Branches:
Dungeon (15/15)            Temple (1/1) D:4            Lair (5/5) D:8
  Swamp (4/4) Lair:3       Spider (4/4) Lair:2        Slime (0/5) Lair:4
    Orc (2/2) D:12            Elf (3/3) Orc:2        Vaults (5/5) D:13
  Crypt (0/3) Vaults:3     Depths (4/4) D:15            Zot (5/5) Depths:4
Gauntlet (visited)

Altars:
Ashenzari
Cheibriados
Dithmenos
Elyvilon
Fedhas
Gozag
Hepliaklqana
Kikubaaqudgha
Makhleb
Nemelex Xobeh
Okawaru
Qazlal
Ru
Sif Muna
Trog
Uskayaw
Vehumet
Wu Jian
Xom
Yredelemnul
Zin
The Shining One

Shops:
D:5 *   Orc:2 (([*=   Elf:1 *   Elf:2 ((   Elf:3 !   Vaults:1 [   Vaults:5 ==

Portals:
Hell: Depths:1 Depths:2 Depths:3 Depths:4
Abyss: Depths:2 Depths:3
Pandemonium: Depths:2
Ziggurat: Depths:1


Innate Abilities, Weirdness & Mutations

Your life essence is reduced to manifest your ancestor. (-10% HP)
You cannot be hasted, slowed, berserked, paralysed or teleported.
You can dig through walls and to a lower floor.
You have a pair of large antennae on your head. (SInv)
Your four strong arms can wield two-handed weapons with a shield.
You possess an exceptional clarity of mind.
Your body sometimes deteriorates upon taking damage.
You are weak. (Str -2)


Message History

Where to? (Enter - D:1, ? - help)
A hellion comes into view.
You shoot a bolt. The bolt hits the hellion!!!!
You kill the hellion! "Old Man" is recalled.
(D) Dungeon (T) Temple (L) Lair (S) Swamp (N) Spider Nest (M) Slime Pits (O) Orcish Mines (E) Elven Halls (V) Vaults (C) Crypt (U) Depths (H) Hell (Z) Zot
Where to? (Enter - D:1, ? - help)
There is an open door here.
Magic restored.
There is an open door here.
A Tzitzimitl comes into view.
You shoot a bolt. "Old Man" avoids your attack.
The bolt hits the Tzitzimitl!!
The Tzitzimitl is moderately wounded. "Old Man" hits the Tzitzimitl with a +0 broad axe of speed!
You shoot a bolt. "Old Man" avoids your attack.
The bolt hits the Tzitzimitl!!
The Tzitzimitl is severely wounded. "Old Man" hits the Tzitzimitl with a +0 broad axe of speed.
The Tzitzimitl engulfs "Old Man"!
The Tzitzimitl bites "Old Man" but does no damage. "Old Man" mumbles some strange words. "Old Man" seems to speed up.
You shoot a bolt. "Old Man" avoids your attack.
The bolt hits the Tzitzimitl!!!
You kill the Tzitzimitl!
(D) Dungeon (T) Temple (L) Lair (S) Swamp (N) Spider Nest (M) Slime Pits (O) Orcish Mines (E) Elven Halls (V) Vaults (C) Crypt (U) Depths (H) Hell (Z) Zot
Where to? (Enter - D:1, ? - help) Ancestor HP restored.
There is an open door here.
There is a stone staircase leading up here.
You climb upwards.
There is a stone staircase leading down here.
You swap places. "Old Man" is no longer moving quickly.
There is a staircase leading out of the dungeon here.
You have escaped!

..# #........# ..# #........#
..###############........########
.................................
..#############.#####....########
..#############..# #.#### #....
.............#.#R####.# #....
.............##.#R##..# #....
.............###@#...## #....
............©##©#.#### #....
...###############.# #.... ...#
###.########## #.... ...#
#......##....# #[...
...####......##....# #....
.............##....# ####.
...###.###....#....# #. ...#
#.............# #.


You could see the friendly "Old Man" the knight (reflecting).

Vanquished Creatures
  Tiamat (Zot:1)
  4 dread liches
  2 ancient liches
  5 orbs of fire
  Mara (Depths:2)
  A juggernaut (Depths:4)
  Boris (twice) (Vaults:3 Vaults:4)
  Bai Suzhen (Vaults:3)
  The ghost of Perukkom the Sorcerer, a veteran DjFE of Hepliaklqana (Depths:3)
  Vv (Depths:2)
  2 Killer Klowns
  Margery (Vaults:3)
  2 caustic shrikes (Depths:3)
  3 curse toes
  The ghost of generaletaddeo the Bludgeoner, a veteran NaBe of Trog (Vaults:3)
  3 golden dragons
  the Enchantress (Depths:1)
  A bone dragon (Zot:1)
  A Tzitzimitl (D:2)
  2 electric golems
  3 liches
  11 tentacled monstrosities
  18 Orb Guardians (Zot:5)
  2 deep elf blademasters (Elf:3)
  2 deep elf master archers (Elf:3)
  An acid blob (Lair:4)
  5 titans
  10 death cobs
  6 quicksilver dragons
  The ghost of krokodildil the Bludgeoner, an adept MiBe of Trog (Depths:1)
  3 sphinxes
  A thorn hunter (Swamp:4)
  5 tengu reavers
  2 pandemonium lords
  4 draconian monks (Zot:1)
  16 storm dragons
  8 shadow dragons
  5 draconian knights
  14 vault wardens
  7 emperor scorpions
  5 deep elf sorcerers
  8 draconian scorchers
  3 fire giants
  An iron dragon (Depths:3)
  Louise (Depths:2)
  A frost giant (Depths:3)
  Aizul (Depths:2)
  6 ghost moths
  2 deep elf elementalists (Elf:3)
  A curse skull (Vaults:3)
  8 draconian shifters
  An angel (Depths:3)
  6 spriggan defenders
  2 orc warlords
  2 war gargoyles (Vaults:5)
  5 draconian stormcallers
  14 ironbound preservers
  A demonspawn blood saint (D:3)
  15 stone giants
  5 draconian annihilators
  21 very ugly things
  4 ironbound thunderhulks
  A broodmother (Spider:4)
  17 green draconians
  5 deep elf demonologists
  7 deep elf annihilators
  Azrael (Elf:2)
  Nessos (Lair:3)
  A minotaur (Gauntlet)
  A vampire knight (Vaults:3)
  10 red draconians
  6 eleionomae
  4 dire elephants
  8 black draconians
  5 purple draconians (Zot:1)
  7 yellow draconians
  14 white draconians
  5 spark wasps
  3 bunyips
  3 eidola
  6 fire dragons
  Josephine (D:15)
  3 deep elf death magi (Elf:3)
  11 ettins
  The ghost of Dwachs the Fighter, a journeyman MiFi of Ru (Orc:1)
  3 deep elf high priests
  A spectral golden dragon (Depths:1)
  4 entropy weavers
  A jiangshi (Depths:3)
  4 rakshasas
  A spectral spriggan (Depths:1)
  8 yaktaur captains
  3 great orbs of eyes
  15 vault guards
  7 ice dragons
  A catoblepas (Gauntlet)
  2 jorogumos (Spider:4)
  3 ogre magi
  13 ironbound frosthearts
  A spectral tengu (Depths:1)
  A jorogumo (shapeshifter) (Vaults:5)
  Erica (Lair:1)
  22 hydras
  A spectral sphinx (Depths:1)
  2 spriggan air magi
  8 alligators
  4 boulder beetles
  27 dancing weapons
  6 two-headed ogres
  4 deep troll shamans
  5 tengu warriors
  3 death scarabs (Spider:4)
  4 vampire magi
  5 centaur warriors
  5 deep troll earth magi
  4 orc high priests (Orc:2)
  2 spriggan berserkers
  A spectral emperor scorpion (Spider:4)
  A sun demon (D:10)
  Amaemon (D:9)
  14 deep elf knights
  12 hell knights
  4 iron trolls
  2 shadow wraiths (Vaults:5)
  2 skysharks
  7 pharaoh ants
  34 deep trolls
  10 skeletal warriors
  3 spriggan druids
  A sun moth (Spider:2)
  A cherub (Depths:4)
  A glowing orange brain (Depths:4)
  4 goliath frogs
  8 swamp dragons
  5 bog bodies
  5 orb spiders
  6 steelbarb worms
  5 phantasmal warriors
  10 deep elf archers
  3 flayed ghosts
  A spectral wolf spider (Spider:4)
  15 ironbound convokers
  5 wizards
  An obsidian statue (Orc:1)
  A spectral iron dragon (Depths:1)
  7 orc knights
  18 deep elf pyromancers
  11 lindwurms
  18 deep elf zephyrmancers
  The ghost of MacCMillion the Skirmisher, a novice SpHu (D:8)
  6 necromancers
  A large abomination (Depths:4)
  12 wolf spiders
  29 ugly things
  4 orc sorcerers
  4 manticores
  A manticore (shapeshifter) (Depths:3)
  7 cyclopes
  3 will-o-the-wisps
  A worldbinder (Gauntlet)
  A toenail golem (D:13)
  14 moths of wrath
  12 vault sentinels
  Maurice (D:8)
  2 black mambas
  11 elephants
  10 cane toads
  A molten gargoyle (Lair:5)
  An orange demon (D:9)
  5 smoke demons
  4 gargoyles
  4 demonic crawlers
  3 hellions
  An unseen horror (D:13)
  2 rime drakes
  A storm dragon simulacrum (Vaults:3)
  20 yaktaurs
  A kobold demonologist (D:11)
  9 komodo dragons
  2 spectral redbacks (Spider:4)
  3 redback zombies (Spider:4)
  An ice devil (D:11)
  An efreet (D:14)
  Psyche (D:9)
  2 tengu conjurers
  2 golden dragon simulacra (Depths:1)
  A tormentor (Depths:1)
  2 freezing wraiths
  A bloated husk (Swamp:4)
  A queen bee (Spider:4)
  9 trolls
  7 meliai
  A polar bear (Lair:5)
  2 spectral jumping spiders (Spider:4)
  3 hellwings
  A sphinx simulacrum (Vaults:5)
  A spectral tarantella (Spider:4)
  21 tarantellas
  2 tyrant leeches (Swamp:3)
  17 hornets
  A shadow dragon simulacrum (Depths:1)
  A spectral culicivora (Spider:4)
  4 dream sheep (Lair:5)
  A culicivora zombie (Spider:4)
  13 blink frogs
  An air elemental (Elf:1)
  11 culicivoras
  A frost giant simulacrum (Vaults:5)
  25 jumping spiders
  32 slime creatures
  Sigmund (D:2)
  2 shadows (D:11)
  8 spriggans
  4 fire elementals (Elf:2)
  7 wraiths
  A spriggan (shapeshifter) (Vaults:5)
  35 yaks
  7 wyverns
  2 golden eyes (shapeshifter)
  8 vampire mosquitoes
  40 redbacks
  3 steam dragons
  9 basilisks
  3 wargs
  14 swamp worms
  2 acid dragons
  10 water moccasins
  A floating eye (Depths:2)
  9 hell hounds
  A black bear (D:5)
  32 orc warriors
  8 swamp drakes (Swamp:4)
  3 ice beasts
  13 ogres
  7 wolves
  2 boggarts (Gauntlet)
  9 centaurs
  A phantom (D:5)
  2 kobold brigands
  6 earth elementals
  9 bullfrogs
  A scorpion (shapeshifter) (Elf:2)
  A glowing shapeshifter simulacrum (Depths:1)
  A human simulacrum (Vaults:5)
  6 scorpions
  9 wights
  25 killer bees
  3 electric eels
  A vampire bat (D:4)
  4 howler monkeys (D:8)
  6 lava snakes
  A hound (D:6)
  2 gnoll boudas
  17 orc priests
  4 iguanas
  A sleepcap (D:6)
  Ijyb (D:3)
  Natasha (thrice) (D:2)
  24 orc wizards
  Robin (D:3)
  6 adders
  5 gnolls
  3 white imps (D:8)
  3 worms
  2 dart slugs
  3 fire bats (D:4)
  91 orcs
  2 spectral bats (D:4)
  5 ball pythons
  3 bat skeletons (D:4)
  A bat zombie (D:4)
  An endoplasm (shapeshifter) (Vaults:5)
  8 endoplasms
  A giant cockroach (D:4)
  4 hobgoblins
  10 jackals
  2 quokkas (D:2)
  16 bats
  A bat simulacrum (D:4)
  5 frilled lizards
  14 goblins
  19 kobolds
  11 rats
  A creeping inferno (Zot:1)
1712 creatures vanquished.

Vanquished Creatures (collateral kills)
  A juggernaut (Depths:3)
  The ghost of dogaso222 the Minotaur Porcupine, a veteran MiMo of Gozag (Zot:5)
  A caustic shrike (Depths:3)
  3 golden dragons
  A curse toe (Zot:2)
  The ghost of Gexir the Sorcerer, a veteran DjCj of Jiyva (Vaults:2)
  Jorgrun (Swamp:3)
  5 tentacled monstrosities
  5 Orb Guardians (Zot:5)
  3 titans
  A death cob (Zot:1)
  3 shadow dragons
  2 draconian monks
  3 storm dragons
  2 vault wardens (Vaults:5)
  A fire giant (Depths:3)
  2 draconian knights
  3 frost giants
  3 deep elf sorcerers
  4 draconian stormcallers
  An emperor scorpion (Spider:4)
  A draconian scorcher (Zot:3)
  3 ghost moths
  3 draconian shifters
  2 deep elf elementalists (Elf:3)
  A war gargoyle (Vaults:5)
  2 stone giants
  A ghoul (Vaults:3)
  11 very ugly things
  2 ironbound preservers (Vaults:5)
  A vampire knight (Depths:3)
  An eleionoma (Swamp:1)
  2 black draconians
  An ironbound thunderhulk (Vaults:1)
  4 green draconians
  A yellow draconian (Zot:1)
  3 deep elf demonologists (Elf:3)
  2 purple draconians
  A bunyip (Swamp:1)
  4 white draconians
  A spark wasp (Spider:4)
  3 red draconians
  2 eidola (Vaults:2)
  3 fire dragons
  An ettin (Orc:2)
  A jiangshi (Depths:3)
  A shambling mangrove (Swamp:4)
  A deep elf high priest (Elf:3)
  2 yaktaur captains (Vaults:5)
  A ghost crab (Swamp:2)
  7 hydras
  A spectral tengu (Depths:1)
  3 spriggan air magi
  12 vault guards (Vaults:5)
  An ironbound frostheart (Vaults:2)
  A boulder beetle (D:14)
  A jorogumo (Spider:4)
  2 dancing weapons (Elf:1)
  A deep troll shaman (Depths:1)
  A hell hog (Zot:5)
  4 death scarabs (Spider:4)
  A deep troll earth mage (Depths:3)
  A tengu warrior (Depths:2)
  3 two-headed ogres (D:15)
  4 hell knights
  3 deep elf knights (Elf:1)
  A skyshark (Lair:4)
  A skeletal warrior (D:14)
  A shadow wraith (Vaults:2)
  2 iron trolls
  A spriggan druid (Swamp:2)
  A sixfirhy (D:13)
  Lodul (D:13)
  2 swamp dragons (Swamp:4)
  6 deep trolls
  A deep elf archer (Elf:1)
  A golden dragon skeleton (Vaults:5)
  A spriggan simulacrum (Depths:1)
  An orb spider (Spider:4)
  An ironbound convoker (Vaults:3)
  A steelbarb worm (Spider:4)
  A phantasmal warrior (Vaults:5)
  2 wizards
  An orc knight (Orc:1)
  2 lindwurms (Vaults:3)
  A wolf spider zombie (Spider:4)
  4 deep elf zephyrmancers
  A spectral wolf spider (Spider:4)
  2 wolf spiders (Spider:3)
  10 ugly things
  4 deep elf pyromancers
  A shining eye (shapeshifter) (Vaults:1)
  A will-o-the-wisp (Swamp:4)
  4 necromancers
  3 elephants
  A toenail golem (Depths:1)
  3 vault sentinels
  4 moths of wrath
  A black mamba (shapeshifter) (Vaults:5)
  A smoke demon (D:12)
  A titan simulacrum (Depths:1)
  A molten gargoyle (Lair:5)
  A torpor snail (Gauntlet)
  2 cane toads
  3 demonic crawlers
  A black mamba (Lair:5)
  A spectral redback (Spider:4)
  An efreet (D:14)
  An unseen horror (D:12)
  A kobold demonologist (D:8)
  7 yaktaurs
  A tengu conjurer (Depths:2)
  3 komodo dragons (Lair:5)
  A shadow dragon simulacrum (Depths:1)
  2 tarantellas
  2 meliai
  2 hellwings
  A culicivora zombie (Spider:4)
  A tyrant leech (Swamp:3)
  8 hornets
  A spectral tarantella (Spider:4)
  An iron dragon simulacrum (Depths:1)
  3 slime creatures
  A culicivora (Spider:4)
  3 jumping spiders
  An air elemental (Elf:2)
  2 wraiths
  9 spriggans
  An unseen horror simulacrum (D:8)
  A basilisk (Lair:5)
  A vampire mosquito (Swamp:1)
  10 redbacks
  8 yaks
  A steam dragon (D:8)
  A warg (Orc:1)
  2 swamp worms
  A water moccasin (Lair:1)
  A glowing shapeshifter zombie (Vaults:5)
  A swamp drake (Swamp:4)
  3 orc warriors
  An ogre (D:13)
  2 wolves
  A boggart (shapeshifter) (D:9)
  2 centaurs
  A kobold brigand (D:10)
  A bullfrog (Lair:1)
  Blork the orc (D:5)
  2 scorpions
  4 wights
  9 killer bees
  A howler monkey (D:6)
  2 electric eels (D:7)
  2 hounds (D:6)
  A wyvern simulacrum (D:8)
  A jelly (D:6)
  6 orc priests
  2 orc wizards
  A killer bee simulacrum (D:8)
  2 gnolls (D:7)
  A white imp (D:8)
  11 orcs
  2 kobolds
  4 butterflies
377 creatures vanquished.

Vanquished Creatures (others)
  Asterion (Depths:1)
  A stone giant (Vaults:5)
  A red draconian (Zot:4)
  2 yaktaur captains
  A spectral tengu (Depths:1)
  A deep elf knight (Elf:2)
  A deep elf zephyrmancer (Elf:2)
  An ugly thing (Depths:1)
  2 yaktaurs
  25 knights
  2 orc wizards (Orc:2)
  2 ancestors
  A butterfly (D:3)
  A creeping inferno (Zot:1)
  A demonic plant (Gauntlet)
  14 foxfires
  16 fungi
  41 plants
114 creatures vanquished.

Grand Total: 2203 creatures vanquished

Notes
Turn   | Place    | Note
-------+----------+-------------------------------------------
     0 | D:1      | twifor the Formicid Hunter began the quest for the Orb.
     0 | D:1      | Reached XP level 1. HP: 16/16 MP: 1/1
   157 | D:1      | Reached XP level 2. HP: 22/22 MP: 2/2
   374 | D:1      | Reached XP level 3. HP: 27/27 MP: 3/3
   559 | D:1      | Reached skill level 5 in Ranged Weapons
   769 | D:2      | Noticed Sigmund
   795 | D:2      | Killed Sigmund
   796 | D:2      | Reached XP level 4. HP: 33/33 MP: 4/4
   796 | D:2      | Reached XP level 5. HP: 38/38 MP: 5/5
   796 | D:2      | Reached XP level 6. HP: 44/44 MP: 6/6
   834 | D:2      | Noticed Natasha
   836 | D:2      | Killed Natasha
  1155 | D:2      | Found a faded altar of an unknown god.
  1192 | D:2      | Noticed Natasha
  1199 | D:2      | Killed Natasha
  1536 | D:2      | Found a faded altar of an unknown god.
  1722 | D:2      | Noticed Natasha
  1730 | D:2      | Killed Natasha
  2458 | D:3      | Noticed Robin
  2534 | D:3      | Killed Robin
  2642 | D:3      | Found a white marble altar of Elyvilon.
  2733 | D:3      | Found a large runed translucent door.
  2734 | D:3      | Found a large runed translucent door.
  2747 | D:3      | Found a blossoming altar of Fedhas.
  2754 | D:3      | Found a basalt altar of Yredelemnul.
  2778 | D:3      | Noticed Ijyb
  2788 | D:3      | Killed Ijyb
  3131 | D:4      | Reached XP level 7. HP: 50/50 MP: 7/7
  3138 | D:4      | Found a stormy altar of Qazlal.
  3146 | D:4      | Found a sacrificial altar of Ru.
  3225 | D:4      | Found a staircase to the Ecumenical Temple.
  3231 | Temple   | Entered the Ecumenical Temple
  3355 | Temple   | Became a worshipper of Hepliaklqana the Forgotten
  3808 | D:4      | Found a glowing silver altar of Zin.
  3933 | D:5      | Entered Level 5 of the Dungeon
  4046 | D:5      | Found a shimmering blue altar of Sif Muna.
  4087 | D:5      | Found Apeygak's Assorted Antiques.
  4098 | D:5      | Bought a scroll of identify for 40 gold pieces
  4098 | D:5      | Bought a scorched granite ring for 100 gold pieces
  4098 | D:5      | Identified the ring of Xaerphene {Will+ Int-4 Dex+9 Slay-6
                  | SInv} (You bought it in a shop on level 5 of the Dungeon)
  4098 | D:5      | Bought a fizzy brown potion for 18 gold pieces
  4287 | D:5      | Reached * piety under Hepliaklqana
  4348 | D:5      | Noticed Blork the orc
  4360 | D:5      | Killed Blork the orc
  4361 | D:5      | Reached XP level 8. HP: 32/50 MP: 8/8
  4642 | D:5      | Reached skill level 10 in Ranged Weapons
  5132 | D:6      | Noticed a two-headed ogre
  5143 | D:6      | Killed a two-headed ogre
  5144 | D:6      | Reached XP level 9. HP: 54/54 MP: 9/9
  5542 | D:6      | Reached ** piety under Hepliaklqana
  5942 | D:6      | Found a radiant altar of Vehumet.
  6329 | D:7      | Found a hide-covered altar of Uskayaw.
  6776 | D:7      | Remembered your ancestor "Old Man" as a knight
  7055 | D:7      | Reached XP level 10. HP: 49/60 MP: 10/10
  7847 | D:8      | Found a shadowy altar of Dithmenos.
  7851 | D:8      | Noticed Maurice
  7907 | D:8      | Killed Maurice
  8073 | D:8      | Reached skill level 15 in Ranged Weapons
  8166 | D:8      | Found a staircase to the Lair.
  8304 | D:8      | Found a shimmering altar of Xom.
  8357 | D:8      | Found a runed translucent gate.
  8364 | D:8      | Found a runed translucent gate.
  8364 | D:8      | Found a runed translucent gate.
  8377 | D:8      | Noticed MacCMillion's ghost (novice SpHu)
  8423 | D:8      | Noticed a kobold demonologist
  8426 | D:8      | Killed a kobold demonologist
  8724 | D:8      | Killed MacCMillion's ghost
  8725 | D:8      | Reached XP level 11. HP: 64/64 MP: 11/11
  8809 | D:9      | Found an opulent altar of Gozag.
  8833 | D:9      | Found a broken altar of Ashenzari.
  9017 | D:9      | Reached *** piety under Hepliaklqana
  9036 | D:9      | Noticed Amaemon
  9041 | D:9      | Reached skill level 1 in Invocations
  9041 | D:9      | Reached skill level 1 in Evocations
  9049 | D:9      | Killed Amaemon
  9057 | D:9      | HP: 3/66 [poisoned by Amaemon]
  9060 | D:9      | HP: 1/66 [poisoned by Amaemon]
  9309 | D:9      | Reached skill level 3 in Fighting
  9661 | D:9      | Noticed a skeletal warrior
  9675 | D:9      | Killed a skeletal warrior
  9756 | D:9      | Noticed a centaur warrior
  9762 | D:9      | Killed a centaur warrior
  9856 | D:9      | Noticed a manticore
  9860 | D:9      | Noticed an eight-headed hydra
  9861 | D:9      | Killed a manticore
  9862 | D:9      | Noticed a manticore
  9865 | D:9      | Killed an eight-headed hydra
  9866 | D:9      | Reached skill level 4 in Fighting
  9869 | D:9      | Killed a manticore
  9922 | D:9      | Noticed a boulder beetle
  9937 | D:9      | Killed a boulder beetle
 10014 | D:9      | Identified the +4 longbow of Trial by Ordeal {flame, rCorr}
 10014 | D:9      | Noticed a centaur warrior
 10024 | D:9      | Killed a centaur warrior
 10025 | D:9      | Reached XP level 12. HP: 68/75 MP: 15/15
 10060 | D:9      | Identified the +6 scale mail of Zabus {rC+ Regen+ Int+2
                  | Dex+4}
 10210 | D:9      | Found an iron altar of Okawaru.
 10327 | D:9      | Noticed Psyche
 10331 | D:9      | Killed Psyche
 10332 | D:9      | Reached skill level 5 in Stealth
 10385 | D:9      | Reached skill level 5 in Fighting
 10563 | D:10     | Entered Level 10 of the Dungeon
 10649 | D:10     | Reached skill level 5 in Invocations
 10795 | D:10     | Reached skill level 5 in Evocations
 10931 | D:10     | Found a bloodstained altar of Trog.
 11122 | D:10     | Found an ornate altar of the Wu Jian Council.
 11403 | D:11     | Reached skill level 6 in Fighting
 11418 | D:11     | Reached skill level 5 in Dodging
 11482 | D:11     | Noticed a boulder beetle
 11507 | D:10     | Killed a boulder beetle
 11555 | D:11     | Reached XP level 13. HP: 81/85 MP: 16/18
 11606 | D:11     | Reached **** piety under Hepliaklqana
 11640 | D:11     | Identified the +1 cloak of Ofucwau {rElec rC- Dex+4}
 11978 | D:12     | Reached skill level 7 in Fighting
 12303 | D:12     | Found a staircase to the Orcish Mines.
 12447 | D:12     | Reached skill level 8 in Fighting
 12620 | Lair:1   | Entered Level 1 of the Lair of Beasts
 12854 | Lair:1   | Noticed Erica
 12863 | Lair:1   | Killed Erica
 13098 | Lair:1   | Reached ***** piety under Hepliaklqana
 13658 | Lair:2   | Noticed a six-headed hydra
 13670 | Lair:2   | Reached XP level 14. HP: 85/95 MP: 20/20
 13672 | Lair:2   | Reached skill level 1 in Armour
 14002 | Lair:2   | Found a hole to the Spider Nest.
 14404 | Lair:3   | You are sucked into a shaft and drop 2 floors!
 14404 | Lair:5   | Entered Level 5 of the Lair of Beasts
 14407 | Lair:5   | Found a gate leading to a gauntlet.
 14451 | Gauntlet | Entered a Gauntlet
 14451 | Gauntlet | Found a transporter.
 14460 | Gauntlet | Found a transporter.
 14475 | Gauntlet | Found a transporter.
 14480 | Gauntlet | Found a transporter.
 14501 | Gauntlet | Found a transporter.
 14514 | Gauntlet | Found a transporter.
 14526 | Gauntlet | Found a transporter.
 14538 | Gauntlet | Found a transporter.
 14557 | Gauntlet | Found a transporter.
 14560 | Gauntlet | Noticed a quicksilver ooze
 14569 | Gauntlet | Found a transporter.
 14586 | Gauntlet | Found a transporter.
 14603 | Gauntlet | Found a transporter.
 14605 | Gauntlet | Found a transporter.
 14726 | Gauntlet | Found a transporter.
 14728 | Gauntlet | Found a transporter.
 14766 | Gauntlet | Found a transporter.
 14768 | Gauntlet | Found a transporter.
 14851 | Gauntlet | Found a transporter.
 14862 | Gauntlet | Reached skill level 9 in Fighting
 15019 | Gauntlet | Identified the +2 pair of boots of Entitlement {rElec Will+
                  | Str+5 SInv}
 15048 | Gauntlet | Noticed a minotaur
 15058 | Gauntlet | Killed a minotaur
 15108 | Gauntlet | Found the +2 shield of Resistance {rF++ rC++ Will++}
 15113 | Gauntlet | Identified the +6 flail of Luiwa {heavy, rC+}
 15209 | Lair:5   | Reached skill level 5 in Armour
 15218 | Lair:5   | Reached skill level 1 in Shields
 15594 | Lair:5   | Reached skill level 10 in Invocations
 15781 | Lair:5   | Reached XP level 15. HP: 103/103 MP: 22/22
 15806 | Lair:5   | Found a large runed translucent door.
 15806 | Lair:5   | Found a large runed translucent door.
 16307 | Lair:4   | Noticed an acid blob
 16307 | Lair:4   | Found a runed translucent door.
 16307 | Lair:4   | Found a staircase to the Slime Pits.
 16321 | Lair:4   | Reached skill level 10 in Fighting
 16334 | Lair:4   | Killed an acid blob
 16379 | Lair:4   | Reached skill level 5 in Shields
 16720 | Lair:4   | Identified the +1 robe of the Cicada {Int+3}
 16941 | Lair:3   | Noticed Nessos
 16949 | Lair:3   | Killed Nessos
 17074 | Lair:3   | Reached ****** piety under Hepliaklqana
 17592 | Lair:3   | Found a staircase to the Swamp.
 17945 | Orc:1    | Entered Level 1 of the Orcish Mines
 18165 | Orc:1    | Found a runed translucent gate.
 18166 | Orc:1    | Found a runed translucent gate.
 18166 | Orc:1    | Found an opulent altar of Gozag.
 18167 | Orc:1    | Found a runed translucent gate.
 18169 | Orc:1    | Noticed Dwachs's ghost (journeyman MiFi)
 18194 | Orc:1    | Killed Dwachs's ghost
 18213 | Orc:1    | Reached skill level 11 in Fighting
 18249 | Orc:1    | Gained mutation: You occasionally lose the ability to drink
                  | potions when taking damage. [a neqoxec]
 18258 | Orc:1    | Lost mutation: You occasionally lose the ability to drink
                  | potions when taking damage. [potion of mutation]
 18258 | Orc:1    | Gained mutation: You are frail. (-10% HP) [potion of
                  | mutation]
 18258 | Orc:1    | Gained mutation: You have large cloven feet. [potion of
                  | mutation]
 18311 | Orc:1    | Lost mutation: You have large cloven feet. [potion of
                  | mutation]
 18311 | Orc:1    | Lost mutation: You are frail. (-10% HP) [potion of
                  | mutation]
 18311 | Orc:1    | Gained mutation: You are agile. (Dex +4, Str/Int -1)
                  | [potion of mutation]
 18311 | Orc:1    | Gained mutation: You occasionally shout uncontrollably at
                  | your foes. [potion of mutation]
 18519 | Orc:2    | Entered Level 2 of the Orcish Mines
 18697 | Orc:2    | Noticed an orc warlord
 18724 | Orc:2    | Killed an orc warlord
 18829 | Orc:2    | Reached XP level 16. HP: 113/113 MP: 23/23
 18882 | Orc:2    | Found Ronih's Weapon Emporium.
 19093 | Orc:2    | Found Leihi's General Store.
 19094 | Orc:2    | Found Higy's Jewellery Shoppe.
 19096 | Orc:2    | Found Laff's Antique Armour Emporium.
 19096 | Orc:2    | Found Jooblybb's Antique Weapon Emporium.
 19103 | Orc:2    | Bought the ring of Scepticism {rN+ Will+ Slay+2} for 579
                  | gold pieces
 19172 | Orc:2    | Found a staircase to the Elven Halls.
 19621 | D:13     | Found a gate to the Vaults.
 19627 | D:13     | Noticed Lodul
 19637 | D:13     | Killed Lodul
 19642 | D:13     | Reached skill level 10 in Dodging
 20102 | D:14     | Reached skill level 12 in Fighting
 20456 | D:14     | You fall into a shaft and drop 1 floor!
 20456 | D:15     | Entered Level 15 of the Dungeon
 20853 | D:15     | Reached skill level 10 in Shields
 21218 | D:15     | Noticed Josephine
 21222 | D:15     | Killed Josephine
 21417 | D:15     | Found a staircase to the Depths.
 22077 | Swamp:1  | Entered Level 1 of the Swamp
 22083 | Swamp:1  | Reached skill level 10 in Armour
 22092 | Swamp:1  | Identified the +2 robe of Fotaogala {rElec rF- rCorr}
 22159 | Swamp:1  | Reached XP level 17. HP: 121/121 MP: 24/24
 22291 | Swamp:1  | Identified the +0 robe of the Poles {Int+2 Dex+5 Stlth-}
 22572 | Swamp:2  | Reached skill level 13 in Fighting
 23149 | Swamp:3  | Noticed Jorgrun
 23154 | Swamp:3  | Killed Jorgrun
 23473 | Swamp:4  | Entered Level 4 of the Swamp
 23661 | Swamp:4  | Reached skill level 14 in Fighting
 23665 | Swamp:4  | Noticed a thorn hunter
 23669 | Swamp:4  | Killed a thorn hunter
 23697 | Swamp:4  | Reached XP level 18. HP: 128/131 MP: 23/25
 23736 | Swamp:4  | Got a decaying rune of Zot
 24333 | Spider:1 | Entered Level 1 of the Spider Nest
 24580 | Spider:1 | Identified the +5 mace "Lumunney" {flame, Dex+7}
 25805 | Spider:3 | Reached skill level 15 in Fighting
 26391 | Spider:4 | Entered Level 4 of the Spider Nest
 26810 | Spider:3 | Reached XP level 19. HP: 94/139 MP: 14/26
 27361 | Spider:4 | Reached skill level 15 in Shields
 27464 | Spider:4 | Reached skill level 16 in Fighting
 27982 | Spider:4 | Identified the +9 great sword "Concordance" {heavy, rF+ rC+
                  | rCorr Int+3}
 27984 | Spider:4 | Identified the +0 pair of boots "Buporgh" {Str+4 Stlth-}
 27998 | Spider:4 | Got a gossamer rune of Zot
 28365 | Elf:1    | Entered Level 1 of the Elven Halls
 28526 | Elf:1    | Got the Spellbook of Blasts
 28664 | Elf:1    | Reached skill level 17 in Fighting
 28742 | Elf:1    | Reached XP level 20. HP: 151/151 MP: 27/27
 28788 | Elf:1    | Found Loashuac's General Store.
 29098 | Elf:1    | Identified a scroll of acquirement
 29160 | Elf:1    | Acquired the +27 heavy crossbow "Sniper" {heavy, Acc+∞
                  | SInv}
 29160 | Elf:1    | Found the +27 heavy crossbow "Sniper" {heavy, Acc+∞ SInv}
 29232 | Elf:2    | Found an ancient bone altar of Kikubaaqudgha.
 29315 | Elf:2    | Found a flickering gateway to a bazaar.
 29324 | Bazaar   | Entered a bazaar
 29326 | Bazaar   | Found Teni's Armour Boutique.
 29330 | Bazaar   | Found Zaesy's Magic Scroll Boutique.
 29330 | Bazaar   | Found Qoariry's Jewellery Boutique.
 29331 | Bazaar   | Found Pamis's Assorted Antiques.
 29363 | Bazaar   | Bought the amulet of Paranoia {Drain rElec rC+ Regen+} for
                  | 499 gold pieces
 29363 | Bazaar   | Bought the ring "Haiseoge" {Will+ EV+5 Int+6 Dex+3} for 742
                  | gold pieces
 29430 | Elf:2    | Found Kusidem's Antique Weapon Boutique.
 29434 | Elf:2    | Found Tuapt's Antique Weapon Shop.
 29582 | Elf:2    | Found a huge runed translucent gate.
 29582 | Elf:2    | Found a huge runed translucent gate.
 29582 | Elf:2    | Found a huge runed translucent gate.
 29583 | Elf:2    | Found a huge runed translucent gate.
 29584 | Elf:2    | Found a huge runed translucent gate.
 29886 | Elf:2    | Noticed Azrael
 29889 | Elf:2    | Killed Azrael
 30030 | Elf:3    | Entered Level 3 of the Elven Halls
 30072 | Elf:3    | Noticed a Hell Sentinel
 30329 | Elf:3    | Found Zasirgh's Distillery.
 30337 | Elf:3    | Bought a potion of heal wounds for 70 gold pieces
 30337 | Elf:3    | Bought a potion of mutation for 112 gold pieces
 30410 | Elf:3    | Identified the +6 short sword of Yshrasuh {venom, rN++
                  | Str-5 Int+3 SInv}
 30493 | Elf:3    | Identified the amulet "Kogg" {Faith Rampage rF++ Will+
                  | Dex-4}
 30510 | Elf:3    | Identified the +6 spear of Fate {spect, rPois rN+ Int+2
                  | Dex-2}
 30512 | Elf:3    | Reached XP level 21. HP: 156/156 MP: 28/28
 30518 | Elf:3    | Identified the +1 flail of Hyotoatt {speed, rElec rF+ Str+3
                  | Stlth-}
 30518 | Elf:3    | Identified the amulet "Linkaohi" {Acrobat rCorr Dex+3}
 30558 | Elf:3    | Identified the +4 flail "Luiv Ram" {freeze, rPois Str+5}
 30703 | Elf:3    | Identified the +12 hand axe of the Sun {freeze, rElec rF+
                  | Str+4 Dex+3}
 30737 | Elf:3    | Identified the +1 chain mail of Disguise {Str+8}
 30874 | Elf:3    | Identified the -1 kite shield "Volam" {Dex+3}
 31255 | Vaults:1 | Entered Level 1 of the Vaults
 31852 | Vaults:1 | Identified the +4 ring mail of the Three Spirits {Int+2}
 31877 | Vaults:1 | Identified the +8 chain mail of the Ditch-Digger {Int+3}
 32002 | Vaults:1 | Found Ruadaus's Armour Shop.
 32789 | Vaults:2 | Reached skill level 15 in Armour
 33085 | Vaults:2 | Reached XP level 22. HP: 144/164 MP: 29/29
 33147 | Vaults:2 | Found a runed translucent gate.
 33147 | Vaults:2 | Found a runed translucent gate.
 33147 | Vaults:2 | Found a runed translucent gate.
 33148 | Vaults:2 | Noticed Gexir's ghost (veteran DjCj)
 33148 | Vaults:2 | Found the +8 lance "Wyrmbane" {slay drac, rPois rF+ rC+
                  | AC+3}
 33350 | Vaults:2 | Killed Gexir's ghost
 33351 | Vaults:2 | Reached skill level 18 in Fighting
 33448 | Vaults:3 | Found a staircase to the Crypt.
 33564 | Vaults:3 | Noticed Bai Suzhen
 33568 | Vaults:3 | Killed Bai Suzhen
 33706 | Vaults:3 | Noticed Margery
 33709 | Vaults:3 | Killed Margery
 33783 | Vaults:3 | Found a runed translucent door.
 33783 | Vaults:3 | Noticed generaletaddeo's ghost (veteran NaBe)
 33894 | Vaults:3 | Noticed Boris
 33897 | Vaults:3 | Killed Boris
 33906 | Vaults:3 | You fall into a shaft and drop 1 floor!
 33969 | Vaults:4 | Identified the +0 scale mail of Ferocious Beauty {-Cast
                  | Rampage SInv}
 34304 | Vaults:4 | Reached skill level 15 in Dodging
 34594 | Vaults:4 | Noticed Boris
 34595 | Vaults:4 | Killed Boris
 34956 | Vaults:3 | Reached XP level 23. HP: 172/172 MP: 30/30
 35273 | Vaults:3 | Killed generaletaddeo's ghost
 35424 | Depths:1 | Entered Level 1 of the Depths
 35424 | Depths:1 | Noticed Asterion
 35427 | Depths:1 | Killed Asterion
 35492 | Depths:1 | Found a runed translucent gate.
 35492 | Depths:1 | Found a runed translucent gate.
 35493 | Depths:1 | Found a runed translucent gate.
 35495 | Depths:1 | Noticed an ancient lich
 35495 | Depths:1 | Noticed krokodildil's ghost (adept MiBe)
 35504 | Depths:1 | Killed an ancient lich
 35507 | Depths:1 | Killed krokodildil's ghost
 35521 | Depths:1 | Reached skill level 19 in Fighting
 35526 | Depths:1 | Identified the ring "Taicauc Uko" {+Blink Fly}
 35664 | Depths:1 | Found a blossoming altar of Fedhas.
 35714 | Depths:1 | Noticed the Enchantress
 35726 | Depths:1 | Killed the Enchantress
 35726 | Depths:1 | HP: 12/261 [spriggan defender/+2 flail of holy wrath[the
                  | Enchantress] (18)]
 35933 | Depths:1 | Found a one-way gateway to a ziggurat.
 36132 | Depths:1 | Found a gateway to Hell.
 36396 | Depths:2 | Noticed Vv
 36401 | Depths:2 | Killed Vv
 36490 | Depths:2 | Noticed Aizul
 36491 | Depths:2 | Killed Aizul
 36594 | Depths:2 | Found a one-way gate to the infinite horrors of the Abyss.
 36600 | Depths:2 | Noticed Louise
 36607 | Depths:2 | Killed Louise
 36611 | Depths:2 | Noticed Mara
 36615 | Depths:2 | Killed Mara
 36846 | Depths:2 | Reached XP level 24. HP: 181/181 MP: 30/30
 37016 | Depths:2 | Found a one-way gate leading to the halls of Pandemonium.
 37482 | Depths:3 | Found a portal to a secret trove of treasure.
 37490 | Depths:3 | You paid a toll of 3 potions of resistance to enter a
                  | treasure trove
 37491 | Trove    | Entered a treasure trove
 37496 | Trove    | Found the +2 pair of slick slippers {slick, slippery, EV+4}
 37510 | Trove    | Identified the +4 dagger of Odonkehu {heavy, *Noise rC+
                  | rN+}
 37512 | Trove    | Identified the +1 ring mail of the Vaults {rElec rC+ Str+2
                  | Dex-5}
 37519 | Trove    | Identified the amulet of Lies {RegenMP -Tele Str+3 Dex+3
                  | Stlth+}
 37625 | Depths:3 | Found an ornate altar of the Wu Jian Council.
 37680 | Depths:3 | Found a runed translucent door.
 37681 | Depths:3 | Noticed a caustic shrike
 37681 | Depths:3 | Noticed Perukkom's ghost (veteran DjFE)
 37833 | Depths:3 | Identified the staff of cold "Asui" {rC+ Stlth+}
 37880 | Depths:3 | Noticed a caustic shrike
 37881 | Depths:3 | Killed a caustic shrike
 37883 | Depths:3 | Found the ring of the Octopus King
 37887 | Depths:3 | Identified a ring of the Octopus King {rC+ HP+2 AC+2 EV+2
                  | SH+2}
 37983 | Depths:3 | Noticed a juggernaut
 37987 | Depths:3 | Killed a juggernaut
 38009 | Depths:3 | Got the Vellum of Aeromancy and Maleficent Arts
 38027 | Depths:3 | Noticed a caustic shrike
 38028 | Depths:3 | Killed a caustic shrike
 38072 | Depths:3 | Found the +9 staff of Olgreb {rPois∞}
 38146 | Depths:3 | Got Yduuddi's Anthology of Mercurial Damage
 38396 | Depths:3 | Killed a caustic shrike
 38399 | Depths:3 | Killed Perukkom's ghost
 38417 | Depths:4 | Entered Level 4 of the Depths
 38512 | Depths:4 | Reached skill level 20 in Fighting
 38521 | Depths:4 | Found a gate to the Realm of Zot.
 38521 | Depths:4 | Noticed a golden dragon
 38523 | Depths:4 | Noticed a golden dragon
 38524 | Depths:4 | Killed a golden dragon
 38526 | Depths:4 | Killed a golden dragon
 38558 | Depths:4 | Noticed a juggernaut
 38560 | Depths:4 | Killed a juggernaut
 38940 | Depths:4 | Reached XP level 25. HP: 189/189 MP: 30/30
 39218 | Depths:4 | Got the Collected Works on Lethal Black Arts
 39646 | Vaults:5 | Entered Level 5 of the Vaults
 39846 | Vaults:5 | Noticed an ancient lich
 39849 | Vaults:5 | Killed an ancient lich
 39898 | Vaults:5 | Noticed a dread lich
 39901 | Vaults:5 | Killed a dread lich
 39973 | Vaults:5 | Noticed a dread lich
 39976 | Vaults:5 | Killed a dread lich
 40072 | Vaults:5 | Got a silver rune of Zot
 40075 | Vaults:5 | Got Sif Muna's Exposition on the Gathering
 40154 | Vaults:5 | Identified the +8 whip of Remupnew {elec, *Slow rElec rC++
                  | Will+}
 40154 | Vaults:5 | Identified the ring "Jaqauq" {*Corrode rElec Will+ MP+9
                  | Stlth+}
 40240 | Vaults:5 | Identified the +8 rapier of the World {protect, rN+ Int-4
                  | Dex+3}
 40415 | Vaults:5 | Noticed a dread lich
 40420 | Vaults:5 | Killed a dread lich
 40421 | Vaults:5 | Reached skill level 21 in Fighting
 40421 | Vaults:5 | Reached XP level 26. HP: 198/199 MP: 30/30
 40438 | Vaults:5 | Found Asaikhaz's Jewellery Emporium.
 40623 | Vaults:5 | Found Giost's Jewellery Shoppe.
 41082 | Zot:1    | Entered Level 1 of the Realm of Zot
 41557 | Zot:1    | Found the +4 dragonskin cloak
 41557 | Zot:1    | Noticed Tiamat
 41582 | Zot:1    | Killed Tiamat
 41720 | Zot:1    | Got Seript's Exposition on Earthen Degeneration
 42114 | Zot:2    | Reached XP level 27. HP: 207/207 MP: 30/30
 42173 | Zot:2    | Reached skill level 22 in Fighting
 42583 | Zot:3    | Noticed an orb of fire
 42584 | Zot:3    | Gained mutation: Your body sometimes deteriorates upon
                  | taking damage. [an orb of fire]
 42589 | Zot:3    | Killed an orb of fire
 42590 | Zot:3    | Reached skill level 23 in Fighting
 43031 | Zot:3    | Found an ornate altar of the Wu Jian Council.
 43752 | Zot:4    | Reached skill level 24 in Fighting
 43888 | Zot:4    | Noticed an orb of fire
 43893 | Zot:4    | Killed an orb of fire
 44086 | Zot:4    | Noticed a Killer Klown
 44097 | Zot:4    | Killed a Killer Klown
 44367 | Zot:5    | Entered Level 5 of the Realm of Zot
 44443 | Zot:5    | Reached skill level 25 in Fighting
 44454 | Zot:5    | Found a runed translucent door.
 44518 | Zot:5    | Noticed dogaso222's ghost (veteran MiMo)
 44529 | Zot:5    | Killed dogaso222's ghost
 44540 | Zot:5    | Identified the staff of fire "Tekkuixa" {rF+ Int+4}
 44832 | Zot:5    | Noticed an orb of fire
 44833 | Zot:5    | Noticed an orb of fire
 44835 | Zot:5    | Noticed an orb of fire
 44836 | Zot:5    | Killed an orb of fire
 44837 | Zot:5    | Noticed a Killer Klown
 44839 | Zot:5    | Lost mutation: You are agile. (Dex +4, Str/Int -1) [an orb
                  | of fire]
 44839 | Zot:5    | Gained mutation: You are vulnerable to heat. (rF-) [an orb
                  | of fire]
 44839 | Zot:5    | Gained mutation: Your magical capacity is low. (-10% MP)
                  | [an orb of fire]
 44840 | Zot:5    | Killed an orb of fire
 44842 | Zot:5    | Killed an orb of fire
 44843 | Zot:5    | Reached skill level 26 in Fighting
 44847 | Zot:5    | Killed a Killer Klown
 44887 | Zot:5    | Lost mutation: Your magical capacity is low. (-10% MP)
                  | [potion of mutation]
 44887 | Zot:5    | Lost mutation: Your body sometimes deteriorates upon taking
                  | damage. [potion of mutation]
 44887 | Zot:5    | Lost mutation: You are vulnerable to heat. (rF-) [potion of
                  | mutation]
 44887 | Zot:5    | Gained mutation: You occasionally lose the ability to read
                  | scrolls when taking damage. [potion of mutation]
 44888 | Zot:5    | Lost mutation: You occasionally shout uncontrollably at
                  | your foes. [potion of mutation]
 44888 | Zot:5    | Lost mutation: You occasionally lose the ability to read
                  | scrolls when taking damage. [potion of mutation]
 44888 | Zot:5    | Gained mutation: You are weak. (Str -2) [potion of
                  | mutation]
 44888 | Zot:5    | Gained mutation: Your body sometimes deteriorates upon
                  | taking damage. [potion of mutation]
 44888 | Zot:5    | Gained mutation: You possess an exceptional clarity of
                  | mind. [potion of mutation]
 45025 | Zot:5    | Got the Orb of Zot
 45032 | Zot:5    | Noticed a dread lich
 45034 | Zot:5    | Killed a dread lich
 45168 | Zot:2    | Noticed Otaadav the pandemonium lord
 45301 | Depths:1 | Noticed Wokyass the pandemonium lord
 45362 | D:15     | Killed Wokyass the pandemonium lord
 45363 | D:15     | Reached skill level 27 in Fighting
 45410 | D:13     | Noticed Jyufos the pandemonium lord
 45420 | D:13     | Killed Jyufos the pandemonium lord
 45675 | D:$      | Escaped with the Orb!

Illustrated notes

Levels and vault maps discovered:
D:1:      spicycebolla_arrival_risky_transporter, layout_basic
D:2:      layout_loops_corners, ebering_ecumenical_altar_box,
          due_unseen_surprise, uniq_natasha, uniq_sigmund
D:3:      layout_rooms, nicolae_elyvilon_peaceful_grove, jmf_multi_god_temple2,
          uniq_ijyb, uniq_robin
D:4:      layout_basic, mainiacjoe_overflow_24_doors, nicolae_ru_awakened_eye,
          nicolae_qazlal_eye_of_the_storm, minmay_temple_entry_fiery,
          goddamned_bats
D:5:      layout_basic, lemuel_blue_sif_altar, serial_shops, shop,
          uniq_blork_the_orc
D:6:      layout_basic, mainiacjoe_overflow_brackets
D:7:      layout_rooms, old_standard_altar, serial_bayou, serial_bayou_crossing,
          serial_bayou_ford_a, serial_bayou_pond_e, serial_bayou_pond_e
D:8:      layout_rooms, nicolae_dithmenos_shadow_blocks, xom_butterflies,
          gammafunk_ghost_icy, kennysheep_generic_room_11, uniq_maurice
D:9:      minmay_sliced_demisemicircle, layout_basic, grunt_gozag_statues,
          kennysheep_little_box, ashenzari_altar_1, special_room
          [special_room_orc], serial_corexii_hall, corexii_hall_statues_l,
          corexii_hall_statues_l, chequers_hall_statues_wall_a,
          chequers_hall_statues_corner_a, kennysheep_generic_room_16,
          uniq_amaemon, uniq_psyche
D:10:     layout_gridville, kennysheep_mini_moat, tgw_trog, serial_bayou,
          serial_bayou_pond_d, serial_bayou_shore_b, serial_bayou_pond_a,
          serial_bayou_pond_d, serial_bayou_shore_b
D:11:     layout_rooms
D:12:     layout_big_octagon, david_orc_4
D:13:     layout_basic, skrybe_vaults_entry_preservation, minmay_misc_feat_chi,
          uniq_lodul
D:14:     layout_roguey, reono_crystal_passage
D:15:     hangedman_depths_entry_civil_slaughter, layout_basic, uniq_josephine
Temple:   hellmonk_temple_beads
Lair:1:   layout_long_grid, lemuel_fruit_fields, uniq_erica
Lair:2:   layout_roguey, spider_nest_entry_a, infiniplex_staircase_pool_2
Lair:3:   layout_chaotic_city, palyth_hydra_swamp_entry, uniq_nessos
Lair:4:   layout_roguey, slime_entry_2, grunt_megastairs_4
Lair:5:   cheibrodos_lair_end_hotspot, layout_big_grid, gauntlet_entry_generic
Swamp:1:  layout_basic_swamp, nicolae_swamp_round_clearing
Swamp:2:  layout_basic_swamp, infiniplex_staircase_pool, hangedman_swamp_lotus
Swamp:3:  layout_falls_marsh, evilmike_swamp_ruin_house_4, uniq_jorgrun
Swamp:4:  swamp, layout_basic_swamp, statue_in_the_mist_lemuel
Spider:1: layout_spider_delve, nicolae_spider_claw_tunnel
Spider:2: spiders_nest_scorpion_pit
Spider:3: layout_spider_delve
Spider:4: floodkiller_spider_rune_tomb, special_room [special_room_bee]
Orc:1:    layout_diamond_mine, ebering_ghost_gozag, mines_bat_river
Orc:2:    st_orc_congregation, layout_caves, serial_shops,
          nicolae_shop_behind_doors
Elf:1:    elf_arrival_002, layout_gridlike, serial_shops, shop,
          minmay_elf_annihilation
Elf:2:    elven_hall_of_blades_hangedman_alternative
          [nicolae_blade_entry_sentries_behind_glass], layout_rooms,
          basic_altar, serial_shops, bzr_entry_lakeside, minmay_shoptagon,
          uniq_azrael
Elf:3:    grunt_elf_hall_diamonds, layout_loops_corners, serial_shops, shop
Vaults:1: v_misc_9, grunt_vaults_diagonal, vaults_dpeg_diagonal,
          nicolae_vaults_offset_grid_hallway_2,
          nicolae_vaults_heart-shaped_vault, v_misc_16,
          nicolae_vaults_double_plus_3, nicolae_vaults_c_with_doors,
          nicolae_vaults_mini_display_case, nicolae_vaults_more_shelving_2,
          vaults_room_mumra_shop_pool, vaults_mumra_hex,
          nicolae_vaults_trapezoid_4, layout_vaults_big_room
Vaults:2: gammafunk_ghost_spectres, vaults_standard_mumra_x, v_pattern_3,
          nicolae_vaults_offset_grid_hallway_1, vaults_room_boxed,
          grunt_vaults_focal, hangedman_vaults_corner_blocks,
          ontoclasm_vaults_loading_screen, nicolae_vaults_tetromino_T_2,
          layout_vaults_omnigrid
Vaults:3: hellmonk_ghost_happy_afterlife, nicolae_vaults_trapezoid_1, v_misc_2,
          v_alt_pattern_6, nicolae_vaults_six-pack,
          nicolae_vaults_cornered_office, minmay_crypt_entry_simple_box,
          vaults_room_semicircle, nicolae_vaults_trapezoid_4,
          vaults_room_fancy_cross, nicolae_vaults_theta, serial_ice_b,
          nicolae_vaults_trapezoid_layered, nicolae_vaults_wine_cellar,
          layout_vaults_ring, uniq_margery, uniq_bai_suzhen, uniq_boris
Vaults:4: nicolae_vaults_spaceships, nicolae_vaults_mitosis,
          nicolae_vaults_network_quinsquares
          [nicolae_vaults_network_quincunx_subvault,
          nicolae_vaults_network_quincunx_subvault,
          nicolae_vaults_network_quincunx_subvault,
          nicolae_vaults_network_quincunx_subvault], vaults_room_grid,
          nicolae_vaults_storage_room_glass, nicolae_vaults_theta,
          nicolae_vaults_closet_pinwheel_1,
          nicolae_vaults_shipping_containers_5, nicolae_vaults_angled_halls,
          ontoclasm_vaults_pinch, nicolae_vaults_double_plus_1,
          layout_vaults_omnicross
Vaults:5: serial_shops
Depths:1: layout_long_grid, enter_ziggurat_b, gammafunk_ghost_necromancy,
          grunt_hell_entry_dis_old, fedhas_altar_3, uniq_asterion,
          uniq_enchantress
Depths:2: hellmonk_crumbling_castle, layout_gridlike, hell_entry,
          nicolae_abyss_entry_one_way_or_another, pan_entry,
          kennysheep_generic_room_13, infiniplex_staircase_star, uniq_mara,
          uniq_vv, uniq_aizul
Depths:3: minmay_box_of_curves, layout_long_grid, hell_entry,
          ebering_ghost_inner_flame, nzn_wu_jian_contemplation,
          nicolae_trove_entry_diagonal, abyss_entry
Depths:4: grunt_zot_entry_tricorne, layout_basic, serial_glass, glass_columns_a,
          glass_columns_a, due_unseen_surprise, feat_on_display,
          pf_hell_entry_tar_spiral, minmay_misc_feat_nine_boxes,
          nicolae_figureground_sparkle
Zot:1:    layout_gridlike, st_stairs_2, st_small_dragon_hoard_2,
          grunt_ministairs_12, hangedman_hellfire_club, uniq_tiamat
Zot:2:    layout_misc_corridors
Zot:3:    layout_onion, basic_altar, st_stairs_2
Zot:4:    layout_twisted_circle
Zot:5:    layout_basic, ebering_ghost_reflecting_pool

Skill      XL: |  1  2  3  4  5  6  7  8  9 10 11 12 13 14 15 16 17 18 19 20 21 22 23 24 25 26 27 |
---------------+----------------------------------------------------------------------------------+-----
Ranged Weapons | 6 7 9 11 13 16 17 18 20 21 22 23 24 | 24.0
Dodging        | 3 5 7 8 9 10 12 13 14 15 16 17 18 | 18.0
Invocations    | 4 6 8 10 | 10.0
Evocations     | 4 6 8 |  8.0
Stealth        | 4 5 |  5.0
Fighting       | 4 6 8 9 11 12 14 15 17 18 19 20 21 27 | 27.0
Armour         | 6 8 10 11 13 14 15 16 17 18 19 20 | 20.2
Shields        | 3 8 10 13 14 16 17 18 19 20 21 22 23 | 23.0

Action                     |  1- 3 |  4- 6 |  7- 9 | 10-12 | 13-15 | 16-18 | 19-21 | 22-24 | 25-27 || total
---------------------------+-------+-------+-------+-------+-------+-------+-------+-------+-------++-------
  Melee: Heavy crossbow    |       |       |       |       |       |       |       |       |     1 ||     1
   Fire: Shortbow          |    69 |   123 |   306 |   114 |       |       |       |       |       ||   612
         Arbalest          |       |       |       |    38 |       |       |       |       |       ||    38
         Triple crossbow   |       |       |       |   104 |       |       |       |       |       ||   104
         Longbow           |       |       |       |   186 |   901 |  1093 |   395 |       |       ||  2575
         Heavy crossbow    |       |       |       |       |       |       |   278 |   450 |   578 ||  1306
 Invoke: Ancestor Identity |       |       |     1 |       |       |       |       |       |       ||     1
         Recall Ancestor   |       |       |     2 |     2 |     3 |     4 |     2 |     1 |     9 ||    23
         Ancestor Life: Kn |       |       |     1 |       |       |       |       |       |       ||     1
         Idealise          |       |       |       |       |     1 |     5 |     9 |    11 |    23 ||    49
    Use: Scroll            |     1 |     5 |    11 |    12 |     5 |     4 |     2 |       |     1 ||    41
         Potion            |       |       |     1 |     7 |     3 |     6 |       |     7 |    16 ||    40
 Armour: Leather armour    |     7 |    10 |    73 |     2 |       |       |       |       |       ||    92
         Skin              |       |       |       |    27 |       |       |       |     7 |       ||    34
         Steam dragon scal |       |       |       |    17 |       |       |       |       |       ||    17
         Scale mail        |       |       |       |    28 |   121 |   160 |    63 |    49 |       ||   421
         Acid dragon scale |       |       |       |       |       |       |       |     9 |    63 ||    72
  Dodge: Dodged            |    11 |    21 |   112 |   113 |   185 |   351 |   187 |   216 |   549 ||  1745
  Block: Kite shield       |       |       |       |       |   175 |   475 |   280 |   253 |   349 ||  1532
         Reflection        |       |       |       |       |       |       |    20 |       |       ||    20

Table legend: (Time is in decaauts)
 A = Elapsed time spent in this place.
 B = Non-inter-level travel time spent in this place.
 C = Inter-level travel time spent in this place.
 D = Time resting spent in this place.
 E = Time spent auto-exploring this place.
 F = Levels seen in this place.
 G = Mean time per level.
                   A        B        C        D        E       F      G
               +--------+--------+--------+--------+--------+-----+--------+
         Total |  47133 |  43009 |   4124 |   2657 |  29103 |  51 |  924.2 |
       Dungeon |  16063 |  14394 |   1669 |   1516 |   9757 |  15 | 1070.9 |
        Temple |    139 |     99 |     40 |      0 |     91 |   1 |  139.0 |
          Lair |   4737 |   4174 |    563 |     27 |   3437 |   5 |  947.4 |
         Swamp |   2146 |   2004 |    142 |     51 |   1378 |   4 |  536.5 |
   Spider Nest |   3730 |   3438 |    292 |    506 |   1933 |   4 |  932.5 |
  Orcish Mines |   1405 |   1300 |    105 |     48 |    794 |   2 |  702.5 |
   Elven Halls |   2913 |   2758 |    155 |      0 |   2006 |   3 |  971.0 |
        Vaults |   6004 |   5613 |    391 |    138 |   3883 |   5 | 1200.8 |
        Depths |   4678 |   4200 |    478 |     87 |   3086 |   4 | 1169.5 |
           Zot |   4497 |   4210 |    287 |    218 |   2348 |   5 |  899.4 |
        Bazaar |     60 |     60 |      0 |      0 |      6 |   1 |   60.0 |
         Trove |     44 |     44 |      0 |      0 |      5 |   1 |   44.0 |
      Gauntlet |    710 |    710 |      0 |     65 |    377 |   1 |  710.0 |
               +--------+--------+--------+--------+--------+-----+--------+

Top non-repeatable levels by time:
     D:2: 1874 daAuts
     D:9: 1833 daAuts
     D:6: 1393 daAuts
Vaults:2: 1366 daAuts
     D:7: 1296 daAuts
Spider:3: 1295 daAuts
Vaults:5: 1295 daAuts
Depths:3: 1285 daAuts
     D:5: 1246 daAuts
Depths:1: 1207 daAuts
    D:15: 1206 daAuts
   Zot:1: 1205 daAuts
  Lair:5: 1182 daAuts
   Elf:3: 1154 daAuts
  Lair:1: 1139 daAuts
